 Dungeon Crawl Stone Soup version 0.20.0 (webtiles) character file.

770253 BarneyGumball the Invulnerable (level 27, -11/179 HPs)
             Began as a Gargoyle Fighter on May 30, 2017.
             Was a High Priest of the Shining One.
             Killed from afar by a wretched star (20 damage)
             ... with an orb of energy
             ... on level 9 of a ziggurat on June 1, 2017.
             The game lasted 10:31:06 (78378 turns).

BarneyGumball the Invulnerable (Gargoyle Fighter)  Turns: 78378, Time: 10:31:06

Health: -11/179    AC: 41    Str: 30      XL:     27
Magic:  11/24      EV: 15    Int:  6      God:    the Shining One [*****.]
Gold:   6302       SH: 36    Dex:  9 (15) Spells: 8/26 levels left

rFire    + + .     SeeInvis +   p - +9 sacred scourge (holy)
rCold    + + .     Gourm    .   g - +5 shield {reflect}
rNeg     + + +     Faith    +   j - +6 plate armour {rC+}
rPois    ∞         Spirit   .   M - +0 helmet
rElec    +         Reflect  +   L - +2 cloak {MR+}
rCorr    .         Harm     .   Z - +1 pair of gloves {Dex+3}
MR       ++++.                  t - +2 pair of boots "Jaler Zaite" {+Inv rN++ MR+ Str+4}
Stlth    ..........             m - amulet of the Equinox {Faith Int+4 Slay+4}
Regen    0.0/turn               b - ring "Toiwapt" {rC+ rN+ Str-3 Slay+3}
MPRegen  0.2/turn               w - ring "Fateurod" {rF++ rN+ Str+6 Int-4}

@: divine shield, corroded, flying, glowing
A: big wings, see invisible, clumsy 2, deformed body, [deterioration 2], [dopey
1], frail 1, low mp 2[+1], negative energy resistance 1, screaming 1[+1],
electricity resistance, inhibited regeneration, weak 1[+1], unbreathing,
petrification resistance, rot immunity, subdued magic 2[+1], AC +20
}: 6/15 runes: barnacled, slimy, silver, golden, abyssal, gossamer
a: Stop Flying, Divine Shield, Cleansing Flame, Summon Divine Warrior, Renounce
Religion, Evoke Invisibility


You were on level 9 of a ziggurat.
You worshipped the Shining One.
The Shining One was extremely pleased with you.
You were very hungry.

You visited 15 branches of the dungeon, and saw 57 of its levels.
You visited the Abyss 1 time.
You visited 1 ziggurat, and saw 9 of its levels.
You also visited: Labyrinth and Bailey.

You collected 8398 gold pieces.
You spent 2096 gold pieces at shops.

Inventory:

Hand Weapons
 p - a +9 sacred scourge of holy wrath (weapon)
 v - a +9 mace of holy wrath
Armour
 g - a +5 shield of reflection (worn)
 j - a +6 plate armour of cold resistance (worn)
 t - the +2 pair of boots "Jaler Zaite" (worn) {+Inv rN++ MR+ Str+4}
   (You found it on level 3 of the Spider Nest)

   It affects your strength (+4).
   It greatly protects you from negative energy.
   It affects your resistance to hostile enchantments.
   It lets you turn invisible.
 C - +4 fire dragon scales {Xtahua}
 L - a +2 cloak of magic resistance (worn)
 M - a +0 helmet (worn)
 Z - a +1 pair of gloves of dexterity (worn)
Jewellery
 b - the ring "Toiwapt" (left hand) {rC+ rN+ Str-3 Slay+3}
   (You found it on level 3 of the Crypt)

   [ring of positive energy]

   It affects your strength (-3).
   It affects your accuracy and damage with ranged weapons and melee attacks
   (+3).
   It protects you from cold.
   It protects you from negative energy.
 d - the amulet "Kapis" {Faith Int+4 Dex+7}
   (You acquired it on level 13 of the Dungeon)

   [amulet of faith]

   It allows you to gain divine favour quickly.
   It affects your intelligence (+4).
   It affects your dexterity (+7).
 m - the amulet of the Equinox (around neck) {Faith Int+4 Slay+4}
   (You found it on level 3 of the Tomb of the Ancients)

   [amulet of faith]

   It allows you to gain divine favour quickly.
   It affects your intelligence (+4).
   It affects your accuracy and damage with ranged weapons and melee attacks
   (+4).
 r - the ring "Ysmet" {+Blink rC+ rN+ MR++}
   (You found it on level 3 of the Crypt)

   [ring of positive energy]

   It protects you from cold.
   It protects you from negative energy.
   It affects your resistance to hostile enchantments.
   It lets you blink.
 w - the ring "Fateurod" (right hand) {rF++ rN+ Str+6 Int-4}
   (You found it in a labyrinth)

   [ring of positive energy]

   It affects your strength (+6).
   It affects your intelligence (-4).
   It greatly protects you from fire.
   It protects you from negative energy.
 W - the ring of Untruth {*Corrode rPois rC+ MP+9 Dex+7}
   (You found it on level 5 of the Vaults)

   [ring of protection from cold]

   It affects your dexterity (+7).
   It protects you from cold.
   It protects you from poison.
   It affects your magic capacity (+9).
   It may corrode you when you take damage.
Wands
 e - a wand of digging (10/24)
 s - a wand of disintegration (9/24)
 u - a wand of enslavement (0/24)
 Y - a wand of confusion (35/48)
Scrolls
 c - 31 scrolls of identify
 f - a scroll of fear
 h - 12 scrolls of recharging
 k - 21 scrolls of remove curse
 y - 6 scrolls of immolation
 A - 9 scrolls of fog
 B - 23 scrolls of teleportation
 D - a scroll of enchant armour
 E - 11 scrolls of magic mapping
 K - 12 scrolls of amnesia
 N - a scroll of summoning
 O - 2 scrolls of blinking
 P - a scroll of holy word
 T - a scroll of silence
 U - 4 scrolls of enchant weapon
Potions
 i - 3 potions of resistance
 q - 5 potions of curing
 x - 3 potions of cancellation
 G - a potion of agility
 H - a potion of berserk rage
 J - 7 potions of brilliance
 Q - 7 potions of magic
 R - 7 potions of lignification
 S - a potion of might
 V - a potion of haste
 X - a potion of ambrosia
Comestibles
 l - 29 meat rations
 o - 32 royal jellies
 z - a bread ration
 F - 3 fruits


   Skills:
 O Level 27 Fighting
 - Level 14.9 Maces & Flails
 O Level 27 Armour
 - Level 13.7 Dodging
 + Level 26.8 Shields
 - Level 16.0 Invocations
 - Level 10.5 Evocations


You had 8 spell levels left.
You knew the following spells:

 Your Spells              Type           Power        Failure   Level  Hunger
a - Recall                Summ/Tloc      N/A          97%         3    ####...
b - Sticks to Snakes      Tmut           #.......     83%         2    ###....
c - Swiftness             Chrm/Air       #.......     83%         2    ###....
d - Silence               Hex/Air        #.........   100%        5    ######.
e - Deflect Missiles      Chrm/Air       #.........   100%        6    #######


Dungeon Overview and Level Annotations

Branches:
Dungeon (15/15)            Temple (1/1) D:4            Lair (6/6) D:10
 Shoals (4/4) Lair:3       Spider (4/4) Lair:3        Slime (5/5) Lair:6
    Orc (2/2) D:12            Elf (1/3) Orc:2        Vaults (5/5) D:14
  Crypt (3/3) Vaults:3       Tomb (3/3) Crypt:3      Depths (5/5) D:15
   Hell (1/1)                 Dis (0/7) Hell            Geh (1/7) Hell
    Coc (0/7) Hell            Tar (0/7) Hell            Zot (1/5) Depths:5

Altars:
Cheibriados
Dithmenos
Makhleb
Qazlal
Uskayaw
Vehumet
Yredelemnul
The Shining One
Jiyva

Shops:
D:6 }*(*   D:10 =   Orc:2 ([=}   Depths:1 ?

Portals:
Hell: Lair:6 Depths:1 Depths:2 Depths:3 Depths:4 Depths:5
Abyss: Depths:1 Depths:2 Depths:4
Pandemonium: Depths:3 Depths:4

Annotations:
Shoals:2 exclusion: Roxanne, Roxanne
Shoals:4 alcopop's ghost, adept DDNe
Hell exclusion: ice statue


Innate Abilities, Weirdness & Mutations

You are resistant to torment.
Your stone body is resilient. (AC +20)
You are immune to poison.
Your large and strong wings let you fly indefinitely.
You resist negative energy. (rN+)
You are resistant to electric shocks. (rElec)
You can survive without breathing.
You are immune to petrification.
You are immune to rotting.
You have supernaturally acute eyesight. (SInv)
You are very clumsy. (Dex -4)
Armour fits poorly on your strangely shaped body.
You are frail. (-10% HP)
You do not regenerate when monsters are visible.
[Your body often deteriorates upon taking damage.]
[You are dopey. (Int -2)]
[Your magical capacity is extremely low. (-30% MP)]
[You sometimes yell uncontrollably at your foes.]
[You are very weak. (Str -4)]
[Your spells are much easier to cast, but much less powerful.]


Message History

The bone dragon is heavily damaged.
The golden flame engulfs the eye of devastation.
You kill the eye of devastation!
You feel the corruption within you wane somewhat.
You feel robust. x2
You feel somewhat more hungry. You block the bone dragon's attack.
The bone dragon barely misses you. The bone dragon misses you.
The wretched star glows turbulently.
Your daeva blocks the orb of energy.
The orb of energy explodes!
The mystic blast hits you!
* * * LOW HITPOINT WARNING * * *
You feel better. The bone dragon completely misses you.
The bone dragon claws you but does no damage.
You block the bone dragon's attack.
The starcursed mass shrieks in your mind.
* * * LOW HITPOINT WARNING * * *
The wretched star glows turbulently.
Your daeva blocks the orb of energy.
The orb of energy explodes!
The mystic blast hits you!
You die...

▓▓▓▓▓▓▓ ▓▓......
▓▓.......
▓▓........
▓▓.......♣
▓▓......*♣
▓.∩.....A♣ X
▓▓.......♣ x.|
▓▓.....@♣♣♣....*
▓▓....D.X......
▓▓...........▓
▓▓.........▓▓
▓▓▓▓▓▓▓▓▓▓▓


You could see a bone dragon, a starcursed mass, a wretched star and a friendly
daeva.

Vanquished Creatures
  the Royal Jelly (Slime:5)
  3 ancient liches
  29 greater mummies
  Frederick (Tomb:2)
  Bai Suzhen (Vaults:4)
  A caustic shrike (Zig:5)
  Geryon (Hell)
  A profane servitor (Abyss:3)
  2 golden dragons
  2 bone dragons
  Jorgrun (Vaults:4)
  2 hellephants
  A Brimstone Fiend (Geh:1)
  4 tentacled monstrosities
  6 liches
  Rupert (Lair:5)
  3 quicksilver dragons
  3 titans (Vaults:5)
  6 ancient champions
  4 tentacled starspawn (Abyss:3)
  Polyphemus (Shoals:1)
  22 acid blobs
  18 sphinxes
  A thorn hunter (Zig:7)
  Kirke (Spider:2)
  2 daevas (Abyss:3)
  7 shadow dragons
  5 storm dragons
  7 revenants
  13 azure jellies
  13 fire giants
  7 tengu reavers
  A draconian knight (Zot:1)
  2 iron dragons
  2 cacodemons
  8 frost giants
  Aizul (Spider:2)
  3 emperor scorpions (Spider:4)
  15 vault wardens
  A draconian scorcher (Zot:1)
  6 ghost moths
  A deep elf sorcerer (Vaults:5)
  A deep elf elementalist (Depths:4)
  3 spriggan defenders
  5 reapers (Hell)
  11 ghouls
  2 curse skulls
  2 draconian shifters
  13 ironheart preservers
  3 draconian annihilators
  20 stone giants
  7 war gargoyles
  12 bennus
  6 vampire knights
  13 very ugly things
  8 entropy weavers
  3 green draconians (Zot:1)
  5 black draconians
  A deep elf annihilator (Vaults:2)
  4 deep elf demonologists
  A spark wasp (shapeshifter) (Depths:4)
  2 yellow draconians
  2 purple draconians
  4 white draconians
  9 spark wasps
  2 blizzard demons
  A quicksilver dragon zombie (Abyss:3)
  15 ettins
  8 merfolk javelineers
  6 merfolk impalers
  A minotaur (Lab)
  26 mummy priests
  3 deep elf death magi
  An eidolon (Crypt:3)
  19 yaktaur captains
  8 death oozes
  A great orb of eyes (shapeshifter) (D:15)
  3 crystal guardians (Crypt:3)
  9 fire dragons
  3 jiangshi
  5 deep elf high priests
  A quicksilver dragon skeleton (Crypt:3)
  A monstrous demonspawn (Depths:3)
  2 ghost crabs (Zig:7)
  14 rakshasas
  37 vault guards
  5 spriggan air magi
  2 naga warriors (Abyss:3)
  An anaconda (shapeshifter) (Vaults:5)
  12 hydras
  10 great orbs of eyes
  4 death knights
  6 ice dragons
  A catoblepas (Shoals:2)
  8 centaur warriors
  3 satyrs
  3 merfolk aquamancers
  5 dancing weapons (Crypt:3)
  3 merfolk avatars
  37 two-headed ogres
  An alligator (Zig:7)
  14 death scarabs
  13 deep troll shamans
  13 ogre magi
  8 deep troll earth magi
  6 hell hogs
  8 death yaks
  7 tengu warriors
  14 thrashing horrors (Abyss:3)
  An alligator (shapeshifter) (Vaults:5)
  9 deep elf knights
  4 soul eaters
  5 vampire magi
  4 sun demons
  2 orc high priests (Orc:2)
  4 spriggan berserkers
  37 hell knights
  2 iron golems (Hell)
  2 shadow wraiths
  2 spatial maelstroms (Abyss:3)
  5 iron trolls
  2 death drakes (Abyss:3)
  A fire crab (Zig:5)
  14 unseen horrors
  11 wretched stars (Abyss:3)
  40 skeletal warriors
  8 sea snakes
  8 flayed ghosts
  2 spark wasp zombies
  3 golden dragon zombies
  5 glowing orange brains
  7 wizards
  2 swamp dragons (Zig:3)
  A shadow demon (Depths:3)
  A shambling mangrove (Zig:3)
  50 deep trolls
  A shadow dragon zombie (Vaults:3)
  A spectral wolf spider (Spider:4)
  7 phantasmal warriors
  A harpy (shapeshifter) (Vaults:3)
  3 anaconda skeletons
  An iron dragon zombie (Crypt:1)
  Pikel (D:4)
  5 deep elf archers
  A lindwurm (Lair:6)
  15 orb spiders
  15 ironbrand convokers
  18 orc knights
  3 wolf spider zombies
  18 harpies
  A golden dragon skeleton (Zig:8)
  18 necromancers
  31 wolf spiders
  An orb spider (shapeshifter) (D:15)
  10 shining eyes
  11 manticores
  41 ugly things
  18 deep elf magi
  3 salamanders (shapeshifter)
  3 cyclopes
  8 fauns
  A stone giant zombie (Abyss:3)
  3 frost giant zombies
  Maurice (D:8)
  2 moths of wrath (shapeshifter)
  6 moths of wrath
  2 manticores (shapeshifter)
  4 worldbinders (Abyss:3)
  2 centaur zombies
  12 vault sentinels
  2 fire giant skeletons
  A human skeleton (Vaults:3)
  2 stone giant skeletons
  A frost giant skeleton (Zig:8)
  3 elephants (Lair:4)
  4 water nymphs
  An ice statue (Zig:1)
  Joseph (D:7)
  6 black mambas
  6 merfolk sirens
  A spriggan zombie (Zig:8)
  13 smoke demons
  A black mamba (shapeshifter) (Depths:4)
  A gargoyle (D:10)
  3 guardian serpents (Abyss:3)
  9 rust devils
  5 eyes of devastation
  6 orange demons
  A yaktaur zombie (Vaults:4)
  4 torpor snails
  3 apocalypse crabs (Abyss:3)
  A dire elephant skeleton (Abyss:3)
  A naga mage (Abyss:3)
  15 spiny frogs
  8 demonic crawlers
  An elephant slug zombie (Crypt:2)
  3 rime drakes
  A komodo dragon (shapeshifter) (Depths:4)
  3 spectral redbacks (Spider:4)
  7 hellions
  An ice devil (Lair:6)
  11 freezing wraiths
  2 redback zombies (Spider:4)
  3 efreet
  An anaconda simulacrum (Hell)
  9 ancient zymes
  3 hellwings
  The ghost of BarneyGumball the Cudgeler, a novice GrFi of the Shining One (D:5)
  41 yaktaurs
  7 komodo dragons
  3 hydra zombies (Hell)
  A tormentor (Abyss:3)
  A grey draconian skeleton (Crypt:2)
  A minotaur zombie (Crypt:3)
  2 catoblepas skeletons
  A merfolk (shapeshifter) (Depths:3)
  7 red devils
  Prince Ribbit (D:7)
  A polar bear (shapeshifter) (Vaults:4)
  34 guardian mummies
  23 merfolk
  30 jumping spiders
  8 trolls
  A minotaur skeleton (Lab)
  4 tengu conjurers
  2 polar bears
  A meliai (shapeshifter) (Depths:3)
  7 wind drakes
  A hydra skeleton (Crypt:1)
  A wind drake (shapeshifter) (Vaults:2)
  17 hornets
  161 slime creatures
  24 blink frogs
  2 spectral jumping spiders (Spider:4)
  3 spectral tarantellas (Spider:4)
  18 raiju
  4 bog bodies
  An ettin zombie (Crypt:3)
  A fire dragon zombie (Crypt:3)
  8 hippogriffs
  2 alligator zombies
  10 dream sheep
  A harpy skeleton (Crypt:3)
  3 jumping spider zombies
  A tarantella zombie (Spider:4)
  A blink frog (shapeshifter) (Depths:4)
  8 air elementals
  10 snapping turtles
  An ice dragon zombie (Crypt:3)
  A satyr skeleton (Crypt:2)
  A fire dragon skeleton (Crypt:2)
  Sigmund (D:2)
  61 flying skulls
  6 shadows
  27 tarantellas
  68 redbacks
  5 basilisks
  2 ettin skeletons
  A wyvern (D:15)
  4 spriggans
  17 water elementals
  19 large abominations
  9 wraiths
  9 ynoxinuls (Abyss:3)
  Eustachio (D:5)
  24 ushabtiu
  A yak (shapeshifter) (Vaults:4)
  23 yaks
  A black mamba skeleton (Abyss:3)
  An elf zombie (Vaults:3)
  8 fire elementals
  11 golden eyes
  A hog (Spider:1)
  26 small abominations
  A hungry ghost (D:13)
  A golden eye (shapeshifter) (Depths:2)
  6 chaos spawn (Abyss:3)
  11 neqoxecs (Abyss:3)
  A steam dragon (D:14)
  7 vampire mosquitoes
  A catoblepas simulacrum (Crypt:2)
  A human simulacrum (Vaults:4)
  A naga (Abyss:3)
  6 wargs
  A torturous demonspawn zombie (Crypt:2)
  2 acid dragons
  A soldier ant (shapeshifter) (Vaults:3)
  13 water moccasins
  3 hell hounds
  A floating eye (shapeshifter) (D:15)
  3 porcupines
  38 orc warriors
  2 spectral hornets (Spider:4)
  A sky beast (shapeshifter) (D:14)
  A spiny frog skeleton (Hell)
  2 ice beasts
  3 sky beasts
  A swamp drake (Zig:3)
  2 phantoms
  9 necrophages
  54 starcursed masses
  An ice beast (shapeshifter) (Abyss:3)
  2 snapping turtle zombies
  3 black bears
  A lindwurm zombie (Crypt:2)
  34 ogres
  An ettin simulacrum (Crypt:1)
  An ice dragon simulacrum (Crypt:2)
  A fire dragon simulacrum (Crypt:1)
  2 hornet zombies
  5 eyes of draining
  A manticore zombie (Crypt:1)
  A wolf (Lair:6)
  9 boggarts
  19 centaurs
  An elf skeleton (Vaults:3)
  17 crocodiles
  8 big kobolds (Abyss:3)
  13 bullfrogs
  A gnoll sergeant (D:7)
  A wyvern zombie (D:12)
  A spiny frog simulacrum (Hell)
  A wyvern skeleton (D:13)
  A troll zombie (Crypt:3)
  5 scorpions
  6 killer bees
  19 wights
  4 electric eels
  A troll skeleton (Lab)
  7 crimson imps
  5 bullfrog zombies
  9 jellies
  3 quasits
  9 hounds
  32 orc priests
  A human zombie (Crypt:3)
  20 orc wizards
  3 bullfrog skeletons
  3 iron imps (Abyss:3)
  4 centaur skeletons
  2 iguanas
  Ijyb (D:5)
  12 worker ants
  A lightning spire (Zig:8)
  4 polar bear simulacra (Lair:6)
  3 yak simulacra (Lair:6)
  2 wolf simulacra (Lair:6)
  A killer bee zombie (D:4)
  A deep dwarf skeleton (Crypt:2)
  A hound zombie (D:6)
  45 mummies
  A hound skeleton (D:11)
  A worker ant zombie (D:8)
  Robin (D:2)
  21 gnolls
  9 adders
  2 howler monkey skeletons
  4 shadow imps
  A white imp (Abyss:3)
  4 ufetubi (Abyss:3)
  An ooze (D:2)
  3 adder skeletons
  3 dart slugs
  2 worms (D:3)
  2 leopard geckos
  89 orcs
  A ball python (D:5)
  4 giant cockroaches
  25 goblins
  15 hobgoblins
  2 jackals (D:7)
  6 quokkas
  A ball python skeleton (Crypt:2)
  4 bats
  A dart slug zombie (Crypt:1)
  4 frilled lizards
  A frilled lizard zombie (Crypt:1)
  A goblin skeleton (Crypt:2)
  17 kobolds
  A leopard gecko skeleton (D:4)
  A quokka skeleton (D:5)
  7 rats
  2 river rat simulacra (Lair:6)
  A lurking horror (Abyss:3)
  2 starspawn tentacles (Abyss:3)
  A tentacle (Shoals:1)
2867 creatures vanquished.

Vanquished Creatures (collateral kills)
  Mennas (Tomb:3)
  A greater mummy (Tomb:3)
  Sojobo (Depths:1)
  Saint Roka (Depths:3)
  Xtahua (Depths:2)
  A caustic shrike (Depths:4)
  A bone dragon (Abyss:3)
  A Brimstone Fiend (Geh:1)
  A lich (Vaults:4)
  4 tentacled monstrosities (Vaults:5)
  7 tentacled starspawn (Abyss:3)
  A sphinx (Vaults:2)
  A kraken (Shoals:1)
  An ancient champion (Tomb:3)
  The ghost of Raine357 the Warrior, an adept HOCK of Xom (D:15)
  Agnes (Spider:3)
  4 tengu reavers
  2 shadow dragons
  A storm dragon (Vaults:4)
  Donald (Orc:2)
  A fire giant (Depths:3)
  A frost giant (Vaults:3)
  An iron dragon (Vaults:5)
  3 cacodemons (Abyss:3)
  A balrug (Abyss:3)
  5 vault wardens
  2 war gargoyles
  2 stone giants
  4 ironheart preservers
  An entropy weaver (Depths:4)
  A vampire knight (Depths:4)
  2 deep elf demonologists (Vaults:2)
  4 bennus (Tomb:3)
  A deep elf annihilator (Vaults:5)
  A spark wasp (shapeshifter) (Vaults:5)
  3 spark wasps
  A dire elephant (Lair:6)
  4 deep elf death magi
  A merfolk javelineer (Shoals:1)
  An ettin (Vaults:5)
  A mummy priest (Tomb:3)
  A fire dragon (D:15)
  6 yaktaur captains
  A great orb of eyes (Abyss:3)
  4 vault guards
  3 rakshasas
  An ice dragon (Depths:4)
  2 ogre magi
  A centaur warrior (D:15)
  10 two-headed ogres
  8 death scarabs
  2 thrashing horrors (Abyss:3)
  4 tengu warriors (Depths:1)
  A deep troll shaman (Depths:3)
  2 deep troll earth magi
  3 orc high priests (Orc:2)
  2 sun demons (Abyss:3)
  A spectral emperor scorpion (Spider:4)
  3 wretched stars
  9 hell knights
  An iron troll (Depths:3)
  8 deep trolls
  5 skeletal warriors
  A sixfirhy (Lair:6)
  2 orange crystal statues (Abyss:3)
  5 ironbrand convokers
  2 orb spiders
  2 necromancers (Vaults:1)
  3 deep elf archers (Vaults:2)
  3 harpies
  A wolf spider zombie (Spider:4)
  5 ugly things
  6 orc knights
  2 fauns (Shoals:1)
  A worldbinder (Abyss:3)
  A cyclops (Vaults:2)
  A frost giant zombie (Tomb:2)
  A manticore (D:15)
  2 wolf spiders (Spider:1)
  4 deep elf magi
  A frost giant skeleton (Abyss:3)
  4 vault sentinels
  6 smoke demons (Abyss:3)
  A fire giant skeleton (Vaults:3)
  A rust devil (Abyss:3)
  An orange demon (Abyss:3)
  2 apocalypse crabs (Abyss:3)
  A rime drake (Lair:6)
  5 yaktaurs
  2 freezing wraiths
  5 ice devils
  A redback zombie (Spider:4)
  2 demonic crawlers (Spider:4)
  A hellwing (Abyss:3)
  7 guardian mummies
  8 ancient zymes (Abyss:3)
  2 red devils
  3 trolls
  A merfolk (Shoals:1)
  A meliai (D:15)
  A jumping spider (Spider:2)
  13 slime creatures
  4 large abominations (Abyss:3)
  A tarantella zombie (Spider:4)
  12 raiju (Abyss:3)
  A spectral tarantella (Spider:4)
  A ynoxinul (Abyss:3)
  A tarantella (Spider:1)
  An ettin skeleton (Geh:1)
  3 ushabtiu (Tomb:3)
  A redback (Spider:1)
  4 chaos spawn (Abyss:3)
  2 wraiths (Vaults:1)
  2 neqoxecs (Abyss:3)
  A warg (Vaults:2)
  2 hell hounds (Lair:6)
  A floating eye (shapeshifter) (Vaults:5)
  16 orc warriors
  A necrophage (Geh:1)
  A spiny frog skeleton (Tomb:2)
  4 ogres
  An eye of draining (Abyss:3)
  2 boggarts (Depths:1)
  12 small abominations
  A quasit (Abyss:3)
  10 starcursed masses (Abyss:3)
  2 iron imps (Abyss:3)
  11 orc priests
  An orc wizard (Vaults:3)
  5 mummies
  2 white imps (Abyss:3)
  3 ufetubi (Abyss:3)
  12 orcs
  2 crawling corpses (Vaults:5)
  4 starspawn tentacles (Abyss:3)
  2 tentacles (Shoals:1)
392 creatures vanquished.

Vanquished Creatures (others)
  Nikola (Vaults:1)
  A deep elf master archer (Depths:4)
  A sphinx (Vaults:5)
  A fire giant (Depths:2)
  2 stone giants
  5 merfolk javelineers
  2 yaktaur captains
  2 vault guards (Vaults:4)
  A spriggan air mage (Depths:5)
  A centaur warrior (Depths:4)
  A death yak (Shoals:1)
  A deep troll earth mage (Depths:2)
  2 satyrs
  A thrashing horror (Abyss:3)
  A hell knight (Vaults:4)
  A flayed ghost (Depths:4)
  An anaconda zombie (Tomb:2)
  An ironbrand convoker (Vaults:4)
  A faun (Shoals:1)
  A cyclops (Shoals:4)
  A large abomination (Zig:9)
  A smoke demon (Abyss:3)
  A hellwing (Abyss:3)
  16 yaktaurs
  A slime creature (Depths:4)
  A tarantella (shapeshifter) (Vaults:1)
  An air elemental (Depths:2)
  2 redbacks
  2 humans (Spider:2)
  A golden eye (Abyss:3)
  A slave (D:7)
  A wight (Abyss:3)
  A starcursed mass (Abyss:3)
  2 mummies
  A gnoll (D:7)
  A quokka (D:5)
  18 fungi
  2 lurking horrors (Abyss:3)
  146 plants
  20 starspawn tentacles (Abyss:3)
  10 tentacles (Shoals:1)
258 creatures vanquished.

Grand Total: 3517 creatures vanquished

Notes
Turn   | Place    | Note
-------+----------+-------------------------------------------
     0 | D:1      | BarneyGumball the Gargoyle Fighter began the quest for the Orb.
     0 | D:1      | Reached XP level 1. HP: 14/14 MP: 1/1
   159 | D:1      | Reached XP level 2. HP: 19/19 MP: 2/2
   953 | D:1      | Reached XP level 3. HP: 23/23 MP: 3/3
  1529 | D:2      | Noticed Sigmund
  1533 | D:2      | Killed Sigmund
  1533 | D:2      | Reached XP level 4. HP: 28/28 MP: 4/4
  1533 | D:2      | Reached XP level 5. HP: 32/32 MP: 5/5
  1567 | D:2      | Reached skill level 5 in Maces & Flails
  1753 | D:2      | Noticed Robin
  1814 | D:2      | Killed Robin
  1814 | D:2      | Reached XP level 6. HP: 34/37 MP: 6/6
  2617 | D:4      | Reached skill level 5 in Shields
  2974 | D:4      | Found a staircase to the Ecumenical Temple.
  2990 | Temple   | Entered the Ecumenical Temple
  2995 | Temple   | Became a worshipper of the Shining One
  3264 | D:4      | Found a hide-covered altar of Uskayaw.
  3312 | D:5      | Entered Level 5 of the Dungeon
  3317 | D:5      | Noticed a slave
  3325 | D:5      | Noticed Pikel
  3540 | D:5      | Noticed Ijyb
  3541 | D:5      | Reached XP level 7. HP: 41/41 MP: 7/7
  3542 | D:5      | Noticed BarneyGumball's ghost (novice GrFi)
  3560 | D:5      | Killed Ijyb
  3568 | D:5      | Killed BarneyGumball's ghost
  3709 | D:5      | Reached * piety under the Shining One
  3721 | D:5      | Got a warped leather armour
  3760 | D:4      | Identified the +3 leather armour of the Sunfish {MR+} (You found it on level 5 of the Dungeon)
  3772 | D:4      | Killed Pikel
  3772 | D:4      | Reached XP level 8. HP: 43/46 MP: 8/8
  3889 | D:5      | Noticed Eustachio
  3926 | D:5      | Killed Eustachio
  4165 | D:6      | Found Bitagem's Gadget Boutique.
  4204 | D:6      | Found Qaaxt's Antique Weapon Boutique.
  4228 | D:6      | Found Gemenk's Assorted Antiques.
  4309 | D:6      | Reached XP level 9. HP: 48/51 MP: 9/9
  4589 | D:6      | Found Moso's Assorted Antiques.
  4667 | D:6      | Reached skill level 10 in Maces & Flails
  4890 | D:7      | Noticed Joseph
  4911 | D:7      | Killed Joseph
  5044 | D:7      | Noticed Prince Ribbit
  5146 | D:7      | Reached ** piety under the Shining One
  5297 | D:7      | Killed Prince Ribbit
  5355 | D:7      | Reached XP level 10. HP: 56/56 MP: 10/10
  5787 | D:8      | Noticed a two-headed ogre
  5933 | D:8      | Noticed Maurice
  6457 | D:8      | Killed Maurice
  6682 | D:9      | Noticed a two-headed ogre
  6998 | D:8      | Reached skill level 10 in Shields
  7392 | D:10     | Entered Level 10 of the Dungeon
  7406 | D:10     | Noticed a two-headed ogre
  7413 | D:10     | Killed a two-headed ogre
  7439 | D:10     | Reached XP level 11. HP: 42/60 MP: 11/11
  7540 | D:10     | Found Kuphipt's Jewellery Shoppe.
  7633 | D:10     | Reached *** piety under the Shining One
  7821 | D:10     | Found a flagged portal.
  7831 | Bailey   | Entered a bailey
  8148 | D:10     | Noticed an unseen horror
  8157 | D:10     | Killed an unseen horror
  8560 | D:10     | Found a staircase to the Lair.
  8828 | D:11     | Reached **** piety under the Shining One
  9765 | D:12     | Found a staircase to the Orcish Mines.
 10404 | D:12     | Noticed a two-headed ogre
 10414 | D:12     | Killed a two-headed ogre
 10761 | D:13     | Found a viscous altar of Jiyva.
 10889 | D:13     | Reached XP level 12. HP: 64/64 MP: 12/12
 11149 | D:13     | Got a faintly humming robe
 11160 | D:13     | Identified the +5 robe "Puofimin" {rC+ MR+ rCorr} (You found it on level 13 of the Dungeon)
 11162 | D:13     | Identified a scroll of acquirement
 11163 | D:13     | Got a pitted ruby amulet
 11165 | D:13     | Identified the amulet "Kapis" {Faith Int+4 Dex+7} (You acquired it on level 13 of the Dungeon)
 11272 | D:13     | Noticed a five-headed hydra
 11278 | D:13     | Killed a five-headed hydra
 11654 | D:14     | Reached ***** piety under the Shining One
 11756 | D:14     | Noticed a vault guard
 11775 | D:14     | Noticed a vault guard
 11775 | D:14     | Noticed a vault guard
 11792 | D:14     | Killed a vault guard
 11798 | D:14     | Killed a vault guard
 11803 | D:14     | Noticed a vault guard
 11886 | D:13     | Killed a vault guard
 12166 | Lair:1   | Entered Level 1 of the Lair of Beasts
 13146 | Lair:2   | Found a labyrinth entrance.
 13155 | Lab      | Entered a labyrinth
 13188 | Lab      | Reached skill level 15 in Shields
 13295 | Lab      | Noticed a minotaur
 13304 | Lab      | Killed a minotaur
 13314 | Lab      | Got a shimmering marble ring
 13317 | Lab      | Identified the ring "Fateurod" {rF++ rN+ Str+6 Int-4} (You found it in a labyrinth)
 13488 | Lair:2   | Noticed an eight-headed hydra
 13970 | Lair:2   | Got a flickering brass amulet
 13971 | Lair:2   | Identified the amulet of Muoqeah {Reflect +Inv rPois SH+5} (You acquired it on level 2 of the Lair of Beasts)
 14049 | Lair:2   | Killed an eight-headed hydra
 14049 | Lair:2   | Reached XP level 13. HP: 70/70 MP: 13/13
 14134 | Lair:3   | Found a hole to the Spider Nest.
 14215 | Lair:3   | Reached skill level 1 in Dodging
 14518 | Lair:3   | Reached skill level 5 in Fighting
 14905 | Lair:3   | Found a staircase to the Shoals.
 16704 | Lair:5   | Noticed Rupert
 17236 | Lair:5   | Killed Rupert
 17803 | Lair:6   | Entered Level 6 of the Lair of Beasts
 18044 | Lair:5   | Reached skill level 5 in Dodging
 18044 | Lair:5   | Gained mutation: Your large and strong wings let you fly indefinitely. [Gargoyle growth]
 18044 | Lair:5   | Reached XP level 14. HP: 72/86 MP: 17/17
 18132 | Lair:5   | Reached skill level 5 in Invocations
 19279 | Lair:6   | Found a staircase to the Slime Pits.
 19513 | Lair:6   | Reached ****** piety under the Shining One
 20381 | Lair:6   | Noticed a dire elephant
 20397 | Lair:6   | Killed a dire elephant
 20672 | Lair:6   | Found a burning altar of Makhleb.
 20718 | Lair:6   | Found a gateway to Hell.
 21070 | Orc:1    | Entered Level 1 of the Orcish Mines
 21308 | Orc:2    | Entered Level 2 of the Orcish Mines
 21508 | Orc:2    | Found a staircase to the Elven Halls.
 21828 | Orc:2    | Reached skill level 10 in Invocations
 23193 | Orc:2    | Noticed Donald
 23221 | Orc:2    | Reached XP level 15. HP: 6/90 MP: 6/23
 23224 | Orc:2    | Killed Donald
 24220 | Orc:2    | Found Doku's Gadget Shoppe.
 24220 | Orc:2    | Found Zaluilaf's Weapon Shoppe.
 24221 | Orc:2    | Found Ceceitygh's Jewellery Emporium.
 24221 | Orc:2    | Found Eteuhol's Armour Shoppe.
 24235 | Orc:2    | Bought a +5 ring of protection for 660 gold pieces
 24499 | Spider:1 | Entered Level 1 of the Spider Nest
 24571 | Lair:3   | Reached skill level 5 in Armour
 25863 | Spider:2 | Noticed Kirke
 26000 | Spider:2 | Killed Kirke
 26093 | Spider:2 | Reached skill level 10 in Armour
 26104 | Spider:2 | Noticed Aizul
 26116 | Spider:2 | Killed Aizul
 27220 | Spider:3 | Noticed Agnes
 27239 | Spider:3 | Killed Agnes
 27545 | Spider:3 | Reached XP level 16. HP: 96/96 MP: 24/24
 27661 | Spider:3 | Got a pair of spiked boots
 27672 | Spider:3 | Identified the +2 pair of boots "Jaler Zaite" {+Inv rN++ MR+ Str+4} (You found it on level 3 of the Spider Nest)
 27683 | Spider:4 | Entered Level 4 of the Spider Nest
 29493 | Spider:4 | Reached skill level 15 in Armour
 29602 | Spider:4 | Reached skill level 1 in Evocations
 30811 | Spider:4 | Reached XP level 17. HP: 100/100 MP: 12/25
 30839 | Spider:4 | Got a gossamer rune of Zot
 31067 | Shoals:1 | Entered Level 1 of the Shoals
 31098 | Shoals:1 | Got an ancient glass ring
 31100 | Shoals:1 | Identified the ring of Surprise {rElec MR+ Str+5} (You acquired it on level 1 of the Shoals)
 31106 | Shoals:1 | Noticed a kraken
 31362 | D:15     | Entered Level 15 of the Dungeon
 31364 | D:15     | Reached skill level 5 in Evocations
 32198 | D:14     | Found a gate to the Vaults.
 33040 | D:15     | Got a twisted leather armour
 33052 | D:15     | Identified the +3 leather armour of Beyond {+Inv MR+} (You found it on level 15 of the Dungeon)
 33329 | D:15     | Noticed Raine357's ghost (adept HOCK)
 33349 | D:15     | Killed Raine357's ghost
 33720 | D:15     | Found a staircase to the Depths.
 33728 | Depths:1 | Entered Level 1 of the Depths
 33728 | Depths:1 | Noticed Sojobo
 34008 | Shoals:1 | Killed a kraken
 34611 | Shoals:2 | Noticed Polyphemus
 34729 | Shoals:2 | Noticed Roxanne
 34796 | Shoals:1 | Killed Polyphemus
 35134 | Shoals:2 | Reached XP level 18. HP: 94/105 MP: 26/26
 35328 | Shoals:2 | Found a frozen archway.
 36341 | Shoals:3 | Reached skill level 10 in Evocations
 36730 | Shoals:3 | Reached skill level 10 in Fighting
 37446 | Shoals:4 | Entered Level 4 of the Shoals
 37490 | Shoals:4 | Noticed alcopop's ghost (adept DDNe)
 38217 | Shoals:4 | Got a barnacled rune of Zot
 38554 | Vaults:1 | Entered Level 1 of the Vaults
 39152 | Vaults:1 | Noticed Nikola
 39178 | Vaults:1 | Killed Nikola
 39403 | Vaults:1 | Reached XP level 19. HP: 94/116 MP: 27/27
 39636 | Vaults:1 | You are sucked into a shaft!
 40350 | Vaults:1 | Found Ysaareigh's Food Emporium.
 40358 | Vaults:1 | Bought a royal jelly for 22 gold pieces
 40358 | Vaults:1 | Bought a bread ration for 55 gold pieces
 40358 | Vaults:1 | Bought a royal jelly for 22 gold pieces
 40358 | Vaults:1 | Bought a meat ration for 55 gold pieces
 40358 | Vaults:1 | Bought a meat ration for 55 gold pieces
 40358 | Vaults:1 | Bought a royal jelly for 22 gold pieces
 40358 | Vaults:1 | Bought a bread ration for 55 gold pieces
 40358 | Vaults:1 | Bought 3 fruits for 49 gold pieces
 40358 | Vaults:1 | Bought a bread ration for 55 gold pieces
 40358 | Vaults:1 | Bought a bread ration for 55 gold pieces
 40358 | Vaults:1 | Bought a bread ration for 55 gold pieces
 40358 | Vaults:1 | Bought a meat ration for 55 gold pieces
 41916 | Vaults:2 | Reached skill level 15 in Fighting
 42278 | Vaults:3 | Reached XP level 20. HP: 130/130 MP: 28/28
 42461 | Vaults:2 | Reached skill level 10 in Dodging
 43538 | Vaults:3 | Got an ichor-stained hand axe
 43543 | Vaults:3 | Identified the +3 hand axe "Dadybu" {antimagic, +Inv Dex+3 SInv} (You found it on level 3 of the Vaults)
 44331 | Vaults:3 | Found a staircase to the Crypt.
 44964 | Vaults:4 | Reached XP level 21. HP: 140/140 MP: 29/29
 45455 | Vaults:4 | Noticed Jorgrun
 45467 | Vaults:4 | Killed Jorgrun
 46237 | Vaults:5 | Entered Level 5 of the Vaults
 46590 | Depths:1 | Killed Sojobo
 46817 | Depths:1 | Found Dusenoe's Magic Scroll Boutique.
 46858 | Depths:1 | Bought a scroll of blinking for 97 gold pieces
 46858 | Depths:1 | Bought a scroll of blinking for 97 gold pieces
 46858 | Depths:1 | Bought 3 scrolls of identify for 78 gold pieces
 46858 | Depths:1 | Bought a scroll of enchant weapon for 97 gold pieces
 46858 | Depths:1 | Bought a scroll of teleportation for 39 gold pieces
 46858 | Depths:1 | Bought a scroll of teleportation for 39 gold pieces
 46902 | Depths:1 | Found a one-way gate to the infinite horrors of the Abyss.
 47773 | Depths:1 | Reached XP level 22. HP: 148/148 MP: 30/30
 48049 | Depths:2 | Learned a level 3 spell: Recall
 50493 | Depths:3 | Found a gateway to a ziggurat.
 50497 | Depths:3 | Noticed Xtahua
 50868 | Depths:2 | Killed Xtahua
 51314 | Depths:3 | Reached XP level 23. HP: 153/156 MP: 31/31
 51440 | Depths:3 | Found a one-way gate leading to the halls of Pandemonium.
 51700 | Depths:3 | Noticed Saint Roka
 51773 | Depths:3 | Killed Saint Roka
 52285 | Depths:3 | Noticed a greater mummy
 52298 | Depths:3 | Killed a greater mummy
 52315 | Depths:3 | Noticed a greater mummy
 52343 | Depths:3 | Killed a greater mummy
 53075 | Temple   | Identified a +3 sacred scourge of holy wrath (a +1 demon whip blessed by the Shining One)
 53075 | Temple   | Received a gift from the Shining One
 53994 | Depths:4 | Got a steaming jade ring
 53999 | Depths:4 | Identified the cursed ring "Peqi" {*Corrode rPois MP-9 Str-2 Dex+8} (You found it on level 4 of the Depths)
 54021 | Depths:4 | Noticed a caustic shrike
 54069 | Depths:4 | Killed a caustic shrike
 54227 | Depths:4 | Noticed a juggernaut
 54857 | Depths:4 | Reached XP level 24. HP: 150/166 MP: 31/31
 55078 | Depths:4 | Got a steaming silver ring
 55088 | Depths:4 | Identified the ring of the Commoners {rElec rF+ rC- Str+6 Stlth+} (You found it on level 4 of the Depths)
 55282 | Depths:4 | Noticed an ancient lich
 55370 | Depths:4 | Killed an ancient lich
 55534 | Depths:4 | Got a faintly glowing cloak
 55545 | Depths:4 | Identified the cursed +0 cloak of the Wumpus {rCorr} (You found it on level 4 of the Depths)
 55831 | Depths:5 | Entered Level 5 of the Depths
 56644 | Depths:5 | Found Juipti's Food Boutique.
 56653 | Depths:5 | Bought a royal jelly for 28 gold pieces
 56653 | Depths:5 | Bought a fruit for 21 gold pieces
 56653 | Depths:5 | Bought a royal jelly for 28 gold pieces
 56653 | Depths:5 | Bought a bread ration for 70 gold pieces
 56653 | Depths:5 | Bought a fruit for 21 gold pieces
 56653 | Depths:5 | Bought a royal jelly for 28 gold pieces
 56653 | Depths:5 | Bought a royal jelly for 28 gold pieces
 56653 | Depths:5 | Bought a bread ration for 70 gold pieces
 56653 | Depths:5 | Bought a bread ration for 70 gold pieces
 56653 | Depths:5 | Bought a bread ration for 70 gold pieces
 57033 | Depths:5 | Found a gate to the Realm of Zot.
 57770 | Elf:1    | Entered Level 1 of the Elven Halls
 58031 | Depths:1 | Voluntarily entered the Abyss.
 58355 | Abyss:3  | Paralysed by accursed screaming for 2 turns
 58992 | Abyss:3  | Reached XP level 25. HP: 173/173 MP: 25/31
 59016 | Abyss:3  | Found a corrupted altar of Lugonu.
 59268 | Abyss:3  | Paralysed by accursed screaming for 1 turns
 59573 | Abyss:3  | Gained mutation: [You occasionally shout uncontrollably at your foes.] [a neqoxec]
 59778 | Abyss:3  | Found a corrupted altar of Lugonu.
 59879 | Abyss:3  | Gained mutation: [Your magical capacity is low. (-10% MP)] [a neqoxec]
 60079 | Abyss:3  | Paralysed by accursed screaming for 1 turns
 60124 | Abyss:3  | Got an abyssal rune of Zot
 60254 | Depths:1 | Escaped the Abyss
 60894 | Vaults:5 | Noticed Bai Suzhen
 60903 | Vaults:4 | Reached XP level 26. HP: 171/181 MP: 28/28
 60990 | Vaults:4 | Killed Bai Suzhen
 61486 | Vaults:5 | Got a silver rune of Zot
 61487 | Vaults:5 | Identified Nujem's Tome of Hexes and Changing
 61839 | Vaults:5 | Reached skill level 27 in Armour
 61903 | Vaults:5 | Got a bound bone amulet
 61932 | Vaults:5 | Identified the amulet "Losihom" {Harm *Drain rElec rF+ SInv} (You took it off a yaktaur captain on level 5 of the Vaults)
 62205 | Vaults:5 | Noticed an ancient lich
 62221 | Vaults:5 | Killed an ancient lich
 62221 | Vaults:5 | Reached XP level 27. HP: 190/190 MP: 28/28
 62252 | Vaults:5 | Got a faintly glowing bone ring
 62295 | Vaults:5 | Identified the ring of Untruth {*Corrode rPois rC+ MP+9 Dex+7} (You found it on level 5 of the Vaults)
 62746 | Slime:1  | Entered Level 1 of the Pits of Slime
 63461 | Slime:2  | Gained mutation: You have supernaturally acute eyesight. (SInv) [a shining eye]
 63462 | Slime:2  | Gained mutation: You are clumsy. (Dex -2) [a shining eye]
 64128 | Slime:3  | Gained mutation: [Your magical capacity is very low. (-20% MP)] [a shining eye]
 64130 | Slime:3  | Gained mutation: [Your spells are a little easier to cast, but a little less powerful.] [a shining eye]
 64534 | Slime:2  | Gained mutation: You do not regenerate when monsters are visible. [a shining eye]
 64535 | Slime:2  | Gained mutation: Armour fits poorly on your strangely shaped body. [a shining eye]
 64615 | Slime:4  | Gained mutation: [Your spells are easier to cast, but less powerful.] [a shining eye]
 64656 | Slime:4  | Gained mutation: [You are weak. (Str -2)] [a shining eye]
 64658 | Slime:4  | Gained mutation: You are frail. (-10% HP) [a shining eye]
 64683 | Slime:5  | Entered Level 5 of the Pits of Slime
 64817 | Slime:5  | Noticed the Royal Jelly
 64837 | Slime:5  | Killed the Royal Jelly
 65495 | Slime:4  | Gained mutation: You are very clumsy. (Dex -4) [a shining eye]
 66471 | Slime:5  | Identified the Disquisition on Shifting Summoning
 66476 | Slime:5  | Learned a level 2 spell: Sticks to Snakes
 66559 | Slime:5  | Identified the Tome of Helpful Venom
 66562 | Slime:5  | Got a slimy rune of Zot
 66633 | Slime:5  | Got a warped silver amulet
 66634 | Slime:5  | Identified the amulet of the Death Scarab {Gourm *Drain rPois SInv} (You found it on level 5 of the Pits of Slime)
 67122 | Hell     | Entered the Vestibule of Hell
 67122 | Hell     | Noticed Geryon
 67148 | Hell     | Killed Geryon
 68055 | Hell     | Found a gateway to the Iron City of Dis.
 68157 | Hell     | Found a gateway to the ashen valley of Gehenna.
 68232 | Hell     | Found a gateway to the decaying netherworld of Tartarus.
 68288 | Hell     | Found a gateway to the freezing wastes of Cocytus.
 68385 | Geh:1    | Entered Level 1 of Gehenna
 69167 | Crypt:1  | Entered Level 1 of the Crypt
 69255 | Crypt:1  | Got a heavily runed leather armour
 69256 | Crypt:1  | Identified the cursed +0 leather armour of Dogmatism {+Inv Int+6 Slay-4 SInv} (You found it on level 1 of the Crypt)
 70512 | Crypt:3  | Entered Level 3 of the Crypt
 70914 | Crypt:3  | Reached skill level 27 in Fighting
 71173 | Crypt:3  | Found a basalt altar of Yredelemnul.
 71173 | Crypt:3  | Noticed an ancient lich
 71182 | Crypt:3  | Killed an ancient lich
 71218 | Crypt:3  | Identified the Compendium of Dark Magic
 71226 | Crypt:3  | Got a translucent glass ring
 71227 | Crypt:3  | Identified the ring of Yrhen {rElec rF- rC- rN+ Slay+5} (You found it on level 3 of the Crypt)
 71228 | Crypt:3  | Identified the ring "Toiwapt" {rC+ rN+ Str-3 Slay+3} (You found it on level 3 of the Crypt)
 71229 | Crypt:3  | Identified the ring "Ysmet" {+Blink rC+ rN+ MR++} (You found it on level 3 of the Crypt)
 72174 | Crypt:3  | Found a staircase to the Tomb.
 72188 | Tomb:1   | Entered Level 1 of the Tomb of the Ancients
 73011 | Tomb:1   | Noticed a greater mummy
 73031 | Tomb:1   | Killed a greater mummy
 73409 | Tomb:2   | Noticed a greater mummy
 73411 | Tomb:2   | Noticed a greater mummy
 73411 | Tomb:2   | Noticed a greater mummy
 73411 | Tomb:2   | Noticed a greater mummy
 73422 | Tomb:2   | Killed a greater mummy
 73427 | Tomb:2   | Killed a greater mummy
 73434 | Tomb:2   | Killed a greater mummy
 73435 | Tomb:2   | Killed a greater mummy
 73567 | Tomb:2   | Noticed Frederick
 73580 | Tomb:2   | Killed Frederick
 73854 | Tomb:1   | Noticed a greater mummy
 73858 | Tomb:1   | Noticed a greater mummy
 73866 | Tomb:1   | Killed a greater mummy
 73870 | Tomb:1   | Killed a greater mummy
 73874 | Tomb:1   | Noticed a greater mummy
 73886 | Tomb:1   | Killed a greater mummy
 74052 | Tomb:1   | Noticed a greater mummy
 74064 | Tomb:1   | Killed a greater mummy
 74079 | Tomb:1   | Noticed a greater mummy
 74094 | Tomb:1   | Killed a greater mummy
 74117 | Tomb:1   | Noticed a greater mummy
 74123 | Tomb:1   | Killed a greater mummy
 74128 | Tomb:1   | Noticed a greater mummy
 74142 | Tomb:1   | Killed a greater mummy
 74156 | Tomb:1   | Noticed a greater mummy
 74165 | Tomb:1   | Killed a greater mummy
 74192 | Tomb:1   | Noticed a greater mummy
 74203 | Tomb:1   | Killed a greater mummy
 74358 | Tomb:1   | Noticed a greater mummy
 74368 | Tomb:1   | Killed a greater mummy
 74378 | Tomb:1   | Noticed a greater mummy
 74387 | Tomb:1   | Killed a greater mummy
 74413 | Tomb:1   | Noticed a greater mummy
 74419 | Tomb:1   | Killed a greater mummy
 74420 | Tomb:1   | Noticed a greater mummy
 74431 | Tomb:1   | Killed a greater mummy
 74435 | Tomb:1   | Noticed a greater mummy
 74445 | Tomb:1   | Killed a greater mummy
 74608 | Tomb:3   | Entered Level 3 of the Tomb of the Ancients
 74630 | Tomb:3   | Noticed a greater mummy
 74634 | Tomb:3   | Noticed a greater mummy
 74660 | Tomb:3   | Killed a greater mummy
 74664 | Tomb:3   | Killed a greater mummy
 74665 | Tomb:3   | HP: 5/179 [mummy priest/divine providence (13)]
 74668 | Tomb:3   | Noticed a greater mummy
 74676 | Tomb:3   | Noticed a greater mummy
 74719 | Tomb:3   | Killed a greater mummy
 74722 | Tomb:3   | Killed a greater mummy
 74811 | Tomb:3   | Noticed a greater mummy
 74835 | Tomb:3   | Killed a greater mummy
 75068 | Tomb:3   | Noticed a greater mummy
 75069 | Tomb:3   | Noticed a greater mummy
 75082 | Tomb:3   | Killed a greater mummy
 75093 | Tomb:3   | Killed a greater mummy
 75430 | Tomb:3   | Noticed a greater mummy
 75439 | Tomb:3   | Killed a greater mummy
 75488 | Tomb:3   | Noticed Mennas
 75525 | Tomb:3   | Killed Mennas
 75525 | Tomb:3   | Reached skill level 15 in Invocations
 75559 | Tomb:3   | Got a golden rune of Zot
 75595 | Tomb:3   | Noticed a greater mummy
 75600 | Tomb:3   | Killed a greater mummy
 75698 | Tomb:3   | Identified Sif Muna's Papyrus of the Foremost Wonders
 75760 | Tomb:3   | Identified the Disquisition on Lightness
 75894 | Tomb:3   | Identified The Advanced Guide to the Arcane Arts
 75908 | Tomb:3   | Identified the Catalogue of Aid
 75910 | Tomb:3   | Identified Sihio's Reference Book on Noxious Curses
 75917 | Tomb:3   | Got a brightly glowing ruby amulet
 75921 | Tomb:3   | Identified the Almanac of Dusty Conjuration
 76083 | Tomb:3   | Learned a level 2 spell: Swiftness
 76812 | Depths:5 | Identified the amulet of the Equinox {Faith Int+4 Slay+4} (You found it on level 3 of the Tomb of the Ancients)
 76817 | Zot:1    | Entered Level 1 of the Realm of Zot
 77504 | Zig:1    | Entered Level 1 of a ziggurat
 77535 | Zig:2    | Entered Level 2 of a ziggurat
 77591 | Zig:3    | Entered Level 3 of a ziggurat
 77657 | Zig:4    | Entered Level 4 of a ziggurat
 77711 | Zig:5    | Entered Level 5 of a ziggurat
 77915 | Zig:6    | Entered Level 6 of a ziggurat
 77998 | Zig:7    | Entered Level 7 of a ziggurat
 78213 | Zig:8    | Entered Level 8 of a ziggurat
 78264 | Zig:8    | Identified the Reference Book on Poisoning
 78285 | Zig:8    | Learned a level 5 spell: Silence
 78292 | Zig:8    | Identified Sif Muna's Handbook of Flamy Self-Knowledge
 78324 | Zig:8    | Learned a level 6 spell: Deflect Missiles
 78328 | Zig:9    | Entered Level 9 of a ziggurat
 78352 | Zig:9    | Paralysed by accursed screaming for 1 turns
 78363 | Zig:9    | Paralysed by accursed screaming for 2 turns
 78374 | Zig:9    | Paralysed by accursed screaming for 1 turns
 78377 | Zig:9    | HP: 6/179 [wretched star/orb of energy (30)]
 78378 | Zig:9    | Killed from afar by a wretched star

Skill      XL: |  1  2  3  4  5  6  7  8  9 10 11 12 13 14 15 16 17 18 19 20 21 22 23 24 25 26 27 |
---------------+----------------------------------------------------------------------------------+-----
Maces & Flails | 3 4 5 6 8 9 11 13 14 | 14.9
Shields        | 4 5 6 7 9 10 12 15 17 19 26 | 26.8
Fighting       | 4 9 12 15 17 18 19 21 22 24 27 | 27.0
Dodging        | 5 7 8 9 10 11 12 13 | 13.7
Invocations    | 4 11 16 | 16.0
Armour         | 12 15 17 18 19 21 22 24 26 27 | 27.0
Evocations     | 4 9 10 | 10.5

Action                   |  1- 3 |  4- 6 |  7- 9 | 10-12 | 13-15 | 16-18 | 19-21 | 22-24 | 25-27 || total
-------------------------+-------+-------+-------+-------+-------+-------+-------+-------+-------++-------
Melee: Flail             |    84 |    87 |       |       |       |       |       |       |       ||   171
       Mace              |       |    87 |   214 |   913 |  1725 |  2040 |  1873 |  1216 |       ||  8068
       Sacred scourge    |       |       |       |       |       |       |       |  1146 |  4122 ||  5268
Invok: Divine Shield     |       |       |       |       |     6 |    12 |    31 |    24 |    92 ||   165
       Summon Divine War |       |       |       |       |    15 |    12 |    17 |    12 |    45 ||   101
       Cleansing Flame   |       |       |       |       |       |     1 |     3 |     3 |    25 ||    32
       Brand Weapon With |       |       |       |       |       |       |       |     1 |       ||     1
 Abil: Fly               |       |       |       |       |       |     7 |       |       |       ||     7
       Stop Flying       |       |       |       |       |       |     6 |       |       |       ||     6
Evoke: Wand              |       |       |       |       |     9 |       |       |     1 |     1 ||    11
  Use: Scroll            |       |     9 |     6 |     8 |    23 |     8 |     1 |    15 |    26 ||    96
       Potion            |       |       |     4 |     8 |    10 |       |     2 |    10 |    21 ||    55
  Eat: Bread ration      |     1 |       |       |     1 |     3 |     4 |     1 |     4 |    16 ||    30
       Chunk             |       |     4 |     6 |    23 |    28 |    27 |    25 |    25 |     9 ||   147
       Fruit             |       |       |       |     1 |    12 |     1 |     3 |     4 |     3 ||    24
Armor: Scale mail        |    54 |    76 |     9 |       |       |       |       |       |       ||   139
       Leather armour    |       |       |    74 |   169 |       |       |       |       |       ||   243
       Robe              |       |       |       |    55 |   350 |   488 |   116 |       |       ||  1009
       Plate armour      |       |       |       |       |       |       |   276 |   609 |   938 ||  1823
       Fire dragon scale |       |       |       |       |       |       |       |    13 |       ||    13
Dodge: Dodged            |    31 |    50 |    87 |   187 |   510 |   592 |   510 |   647 |  1008 ||  3622
Block: Shield            |    32 |    86 |   133 |   436 |  1199 |  1853 |  1803 |  2071 |  3881 || 11494
       Reflection        |       |       |       |       |     1 |   129 |   111 |   122 |    86 ||   449
